 Dungeon Crawl Stone Soup version 0.29.0-4-gdea44cf6ec (webtiles) character file.

Game seed: 17693020191666440112

135 qw the Chopper (level 5, 0/30 HPs)
             Began as a Tengu Warper on Aug 28, 2022.
             Slain by a black bear (6 damage)
             ... on level 4 of the Dungeon.
             The game lasted 00:00:17 (3262 turns).

qw the Chopper (Tengu Warper)                       Turns: 3262, Time: 00:00:17

Health: 0/30       AC:  8    Str: 13    XL:     5   Next: 18%
Magic:  9/9        EV:  7    Int: 13    God:
Gold:   118        SH:  0    Dex: 14    Spells: 8/8 levels left

rFire   . . .      SeeInvis .   Y - +0 war axe
rCold   . . .      Faith    .   (no shield)
rNeg    . . .      Spirit   .   f - +0 chain mail
rPois   .          Reflect  .   (helmet restricted)
rElec   .          Harm     .   (no cloak)
rCorr   .          Rampage  .   (no gloves)
Will    .....                   (boots unavailable)
Stlth   ..........              c - amulet of regeneration
HPRegen 0.90/turn               (no ring)
MPRegen 0.11/turn               (no ring)

@: flying quickly and evasively, quick
A: beak, talons 3, nimble flight
a: no special abilities


You were on level 4 of the Dungeon.
You visited 1 branch of the dungeon, and saw 4 of its levels.

You collected 118 gold pieces.


Innate Abilities, Weirdness & Mutations

You have a beak for a mouth.
You have claws for feet.
Your magical nature lets you fly swiftly and evasively.


   Skills:
 - Level 2.0 Fighting
 + Level 5.7 Axes
 - Level 1.0 Throwing
 - Level 1.1 Armour
 - Level 2.1 Dodging
 - Level 2.0 Spellcasting
 - Level 2.4 Translocations


You had 8 spell levels left.
You didn't know any spells.
Your spell library contained the following spells:

 Spells                   Type           Power      Damage    Failure   Level
 Blink                    Tloc           14%        N/A       99%         2
 Gell's Gravitas          Tloc           7%         N/A       100%        3
 Lesser Beckoning         Tloc           7%         N/A       100%        3
 Teleport Other           Tloc           7%         N/A       100%        3
 Manifold Assault         Tloc           7%         N/A       100%        5

Inventory:

Hand Weapons
 i - a +1 hand axe of flaming
 Y - a +0 war axe (weapon)
Missiles
 e - 3 boomerangs (quivered)
Armour
 f - a +0 chain mail (worn)
Jewellery
 c - an amulet of regeneration (around neck)
Scrolls
 h - a scroll of identify
Potions
 a - a potion of mutation
 g - a potion of brilliance {unknown}
 j - a potion of degeneration {unknown}

Dungeon Overview and Level Annotations

Branches:
Dungeon (4/15)
 Temple: D:4-7

Altars:
Cheibriados
Fedhas
Zin


Message History

The black bear claws you but does no damage.
The black bear barely misses you.
You hit the black bear but do no damage.
The black bear is moderately wounded.
The black bear bites you but does no damage.
The black bear claws you but does no damage. x2
The black bear bites you. The black bear barely misses you.
The black bear claws you but does no damage.
You barely miss the black bear. Your kick misses the black bear.
The black bear is moderately wounded.
The black bear completely misses you. The black bear claws you.
The black bear claws you but does no damage.
You barely miss the black bear.
The black bear is moderately wounded.
The black bear bites you.
The black bear claws you but does no damage.
The black bear claws you.
You hit the black bear.
You claw the black bear, but do no damage.
The black bear is heavily wounded.
The black bear barely misses you.
The black bear claws you but does no damage. x2
You closely miss the black bear.
You claw the black bear, but do no damage.
The black bear is heavily wounded.
The black bear bites you.
The black bear claws you but does no damage. x2
You barely miss the black bear.
The black bear is heavily wounded.
The black bear bites you.
The black bear claws you but does no damage. x2
The black bear barely misses you. x2; The black bear claws you.
You barely miss the black bear. You claw the black bear.
The black bear is heavily wounded.
The black bear barely misses you.
The black bear claws you but does no damage. x2
You closely miss the black bear. You claw the black bear!
The black bear is almost dead.
The black bear bites you.
You die...

............#
......####### .#
.###### .# ## #. ..
.# .#
#################h#
................@.#
###################


You could see a black bear.

Vanquished Creatures
  An orc wizard (D:3)
  3 adders
  A worm (D:2)
  3 dart slugs
  4 orcs (D:3)
  7 endoplasms
  2 giant cockroaches (D:1)
  4 hobgoblins
  7 jackals
  2 quokkas (D:1)
  3 ball pythons
  12 bats
  3 frilled lizards
  9 goblins
  4 kobolds (D:1)
  3 rats
68 creatures vanquished.

Notes
Turn   | Place    | Note
-------+----------+-------------------------------------------
     0 | D:1      | qw the Tengu Warper began the quest for the Orb.
     0 | D:1      | Reached XP level 1. HP: 12/12 MP: 4/4
     0 | D:1      | 0 ||| qw: Version: 0.1-a-89-g26bdef1
     0 | D:1      | 0 ||| qw: Game counter: 361
     0 | D:1      | 0 ||| qw: Always use a shield: true
     0 | D:1      | 0 ||| qw: God list: Okawaru
     0 | D:1      | 0 ||| qw: Allow faded altars: false
     0 | D:1      | 0 ||| qw: Do Orc after D:15 true
     0 | D:1      | 0 ||| qw: Do second Lair branch before Depths: true
     0 | D:1      | 0 ||| qw: Lair rune preference: random
     0 | D:1      | 0 ||| qw: Plans: Normal
     0 | D:1      | 0 ||| PLANNING D:1-11
    17 | D:1      | 17 ||| Stepping ~*~*~tactically~*~*~ (stealth).
    19 | D:1      | 19 ||| Stepping ~*~*~tactically~*~*~ (stealth).
    20 | D:1      | 20 ||| Stepping ~*~*~tactically~*~*~ (stealth).
    21 | D:1      | 21 ||| Stepping ~*~*~tactically~*~*~ (stealth).
   150 | D:1      | Reached skill level 3 in Axes
   150 | D:1      | Reached XP level 2. HP: 10/17 MP: 6/6
   154 | D:1      | HP: 4/17 [hobgoblin (2)]
   642 | D:1      | 642 ||| Stepping ~*~*~tactically~*~*~ (hiding).
   744 | D:1      | 744 ||| Stepping ~*~*~tactically~*~*~ (hiding).
   960 | D:1      | Reached XP level 3. HP: 21/21 MP: 7/7
  1138 | D:1      | Reached skill level 4 in Axes
  1666 | D:1      | 1666 ||| READING scroll labelled POIMIMMAYF.
  1667 | D:1      | 1667 ||| READING scroll labelled BODWID GO XUEK.
  1671 | D:1      | 1671 ||| READING scroll labelled CASSAMUFI PO SECVO.
  1672 | D:1      | 1672 ||| DROPPING scroll of blinking.
  1832 | D:2      | Found a faded altar of an unknown god.
  1987 | D:2      | 1987 ||| DROPPING +0 club.
  2045 | D:2      | Reached XP level 4. HP: 26/26 MP: 8/8
  2282 | D:2      | 2282 ||| UPGRADING to amulet of regeneration.
  2287 | D:2      | 2287 ||| READING 2 scrolls labelled NONIKO ASHASEL.
  2288 | D:2      | 2288 ||| READING scroll labelled KOEDIO ESCHAOM.
  2289 | D:2      | 2289 ||| DROPPING +0 whip.
  2348 | D:3      | 2348 ||| Stepping ~*~*~tactically~*~*~ (stealth).
  2350 | D:3      | 2350 ||| Stepping ~*~*~tactically~*~*~ (stealth).
  2361 | D:3      | Reached skill level 5 in Axes
  2364 | D:3      | 2364 ||| FLEEEEING.
  2365 | D:3      | 2365 ||| FLEEEEING.
  2366 | D:3      | 2366 ||| FLEEEEING.
  2367 | D:3      | 2367 ||| Stepping ~*~*~tactically~*~*~ (stealth).
  2368 | D:3      | 2368 ||| Stepping ~*~*~tactically~*~*~ (stealth).
  2371 | D:3      | 2371 ||| Stepping ~*~*~tactically~*~*~ (stealth).
  2372 | D:3      | 2372 ||| Stepping ~*~*~tactically~*~*~ (stealth).
  2374 | D:3      | 2374 ||| Stepping ~*~*~tactically~*~*~ (stealth).
  2376 | D:3      | 2376 ||| FLEEEEING.
  2377 | D:3      | 2377 ||| FLEEEEING.
  2378 | D:3      | 2378 ||| Stepping ~*~*~tactically~*~*~ (stealth).
  2384 | D:3      | HP: 4/26 [adder (4)]
  2385 | D:3      | 2385 ||| READING scroll of teleportation.
  2389 | D:3      | HP: 2/26 [poisoned by an orc]
  2469 | D:3      | 2469 ||| SWAPPING to +0 war axe.
  2513 | D:3      | 2513 ||| Stepping ~*~*~tactically~*~*~ (stealth).
  2531 | D:3      | 2531 ||| Stepping ~*~*~tactically~*~*~ (stealth).
  2532 | D:3      | 2532 ||| Stepping ~*~*~tactically~*~*~ (stealth).
  2534 | D:3      | 2534 ||| Stepping ~*~*~tactically~*~*~ (stealth).
  2535 | D:3      | 2535 ||| Stepping ~*~*~tactically~*~*~ (stealth).
  2669 | D:3      | Gained mutation: Your magical nature lets you fly swiftly
                  | and evasively. [Tengu growth]
  2669 | D:3      | Reached XP level 5. HP: 30/30 MP: 9/9
  2725 | D:3      | Found a glowing silver altar of Zin.
  2725 | D:3      | Found a blossoming altar of Fedhas.
  2725 | D:3      | Found a snail-covered altar of Cheibriados.
  2775 | D:3      | 2775 ||| Stepping ~*~*~tactically~*~*~ (stealth).
  2832 | D:3      | 2832 ||| Stepping ~*~*~tactically~*~*~ (hiding).
  3139 | D:3      | 3139 ||| UPGRADING to +0 chain mail.
  3149 | D:3      | 3149 ||| DROPPING +0 leather armour.
  3150 | D:3      | 3150 ||| READING scroll labelled HITZIBULEW.
  3151 | D:3      | 3151 ||| READING 2 scrolls of identify.
  3151 | D:3      | 3151 ||| IDENTIFYING fuming black potion
  3248 | D:4      | Noticed a black bear
  3260 | D:4      | HP: 7/30 [black bear (4)]
  3262 | D:4      | Slain by a black bear

Levels and vault maps discovered:
D:1:      psy_arrival_spokes, layout_loops_corners
D:2:      layout_rooms, serial_forest, infiniplex_forest_clump_long,
          infiniplex_forest_lined_2, infiniplex_forest_clump_long,
          infiniplex_forest_end_2, infiniplex_forest_lined_3_way,
          infiniplex_forest_straight_3, hellmonk_ecumenical_altar_dog_temple
D:3:      layout_loops_ring, gammafunk_temple_overflow_forgotten
D:4:      layout_rooms, mainiacjoe_overflow_24_doors,
          minmay_temple_entry_antechambers, serial_shops, shop

Skill      XL: |  1  2  3  4 |
---------------+-------------+-----
Axes           | 3 4 5 |  5.7
Fighting       | |  2.0
Throwing       | |  1.0
Armour         | |  1.1
Dodging        | |  2.1
Spellcasting   | |  2.0
Translocations | |  2.4

Action                   |  1- 3 |  4- 6 || total
-------------------------+-------+-------++-------
Melee: Hand axe          |    92 |    25 ||   117
       Peck              |    10 |     6 ||    16
       Kick              |    18 |    15 ||    33
       War axe           |       |    32 ||    32
Throw: Boomerang         |    12 |    22 ||    34
  Use: Scroll            |     3 |     5 ||     8
Armor: Leather armour    |    27 |     7 ||    34
       Chain mail        |       |    16 ||    16
Dodge: Dodged            |    63 |    35 ||    98

Table legend:
 A = Non-vault XP
 B = Vault XP
 C = Vault XP percentage of total XP
 D = Non-vault monster count
 E = Vault monster count
 F = Vault count percentage of total count
                 A         B        C        D         E       F
            +---------+---------+-------+---------+---------+-------
      Total |     188 |       6 |   3.1 |      65 |       3 |   4.4
            +---------+---------+-------+---------+---------+-------
        D:1 |      54 |       0 |   0.0 |      33 |       0 |   0.0
        D:2 |      27 |       6 |  18.2 |       8 |       3 |  27.3
        D:3 |     105 |       0 |   0.0 |      23 |       0 |   0.0
        D:4 |       2 |       0 |   0.0 |       1 |       0 |   0.0
            +---------+---------+-------+---------+---------+-------
